 Dungeon Crawl Stone Soup version 0.31-a0-473-g61b50ae490 (webtiles) character file.

Game seed: 9243168047627792683

1803387 motkurizz the Executioner (level 26, 246/246 HPs)
             Began as a Minotaur Gladiator on Aug 6, 2023.
             Was a High Priest of Okawaru.
             Escaped with the Orb
             ... and 3 runes!
             The game lasted 03:34:55 (59740 turns).

motkurizz the Executioner (Minotaur Gladiator)     Turns: 59740, Time: 03:34:55

Health: 246/246    AC: 46    Str: 44      XL:     26   Next: 51%
Magic:  36/36      EV: 20    Int:  8 (9)  God:    Okawaru [*****.]
Gold:   386        SH: 24    Dex: 16      Spells: 25/25 levels left

rFire   + + .        a - +9 broad axe (vamp)
rCold   + . .        X - +1 tower shield {rPois}
rNeg    + + .        L - +9 gold dragon scales
rPois   +            (helmet unavailable)
rElec   .            J - +4 dragonskin cloak
rCorr   .            U - +2 pair of gloves of the First Snow {Str+5 Dex+2}
SInv    .            h - +1 pair of boots of the Turtle {Contam rN++ Regen+ Slay+4}
Will    +....        Y - amulet of Miog {Acrobat rPois rF+ Str+6} Stlth
                     y - ring of Ratzo {Str+2 Int+6 Slay+3 Stlth-}
HPRegen 1.41/turn    r - +6 ring of strength
MPRegen 0.25/turn

%: acrobat
@: studying Ranged Weapons
A: horns 3, retaliatory headbutt, clumsy 1, dopey 1, weak 1, subdued magic 1,
sturdy frame 1
0: Orb of Zot
}: 3/15 runes: barnacled, silver, gossamer
a: Renounce Religion, Heroism, Finesse, Duel


You escaped.
You worshipped Okawaru.
Okawaru was extremely pleased with you.
You visited 10 branches of the dungeon, and saw 48 of its levels.

You collected 6316 gold pieces.
You spent 5930 gold pieces at shops.

Inventory:

Hand Weapons
 a - a +9 vampiric broad axe (weapon)
 b - the +0 broad axe of Yeast {heavy, Will+ Str+2}
   (Okawaru gifted it to you on level 2 of the Depths)

   Str:       It affects your strength (+2).
   Will:      It increases your willpower.
 K - a +7 executioner's axe of freezing
Missiles
 l - 8 silver javelins
 u - 15 datura-tipped darts
 A - 2 throwing nets
Armour
 e - a +2 hat of see invisible
 h - the +1 pair of boots of the Turtle (worn) {Contam rN++ Regen+ Slay+4}
   (You found it on level 4 of the Lair of Beasts)

   Slay:      It affects your accuracy & damage with ranged weapons and melee
   (+4).
   rN:        It greatly protects you from negative energy.
   Contam:    It causes magical contamination when unequipped.
   Regen:     It increases your rate of health regeneration.
 q - the +1 cloak "Ugirpheff" {rPois Int+3}
   (You bought it in a shop on level 5 of the Vaults)

   Int:       It affects your intelligence (+3).
   rPois:     It protects you from poison.
 t - a +2 cloak
 J - the +4 dragonskin cloak (worn)
   (You took it off Tiamat on level 5 of the Realm of Zot)

   Avatar's Aegis: It grants the wearer a chance to resist fire, cold, poison,
   electricity, acid, and negative energy.
 L - +9 gold dragon scales (worn)
 U - the +2 pair of gloves of the First Snow (worn) {Str+5 Dex+2}
   (Okawaru gifted it to you on level 4 of the Depths)

   Str:       It affects your strength (+5).
   Dex:       It affects your dexterity (+2).
 X - a +1 tower shield of poison resistance (worn)
Jewellery
 m - a ring of resist corrosion
 r - a +6 ring of strength (right hand)
 v - a ring of positive energy
 y - the ring of Ratzo (left hand) {Str+2 Int+6 Slay+3 Stlth-}
   (You took it off a necromancer on level 5 of the Vaults)

   [ring of intelligence]

   Str:       It affects your strength (+2).
   Int:       It affects your intelligence (+6).
   Slay:      It affects your accuracy & damage with ranged weapons and melee
   (+3).
   Stlth:     It makes you less stealthy.
 D - the ring "Laagetyv" {Ice Str+7 Int-2 SInv}
   (You took it off Josephina on level 4 of the Realm of Zot)

   [ring of ice]

   It enhances your ice magic.
   Str:       It affects your strength (+7).
   Int:       It affects your intelligence (-2).
   rF:        It makes you vulnerable to fire.
   rC:        It protects you from cold.
   SInv:      It lets you see invisible.
 E - a +4 ring of slaying
 Y - the amulet of Miog (around neck) {Acrobat rPois rF+ Str+6}
   (You found it on level 1 of the Depths)

   [amulet of the acrobat]

   It increases your evasion while moving and waiting.
   Str:       It affects your strength (+6).
   rF:        It protects you from fire.
   rPois:     It protects you from poison.
Wands
 C - a wand of digging (11)
 G - a wand of roots (41)
 I - a wand of mindburst (33)
 N - a wand of paralysis (35)
 T - a wand of quicksilver (19)
Scrolls
 d - a scroll of silence
 j - 9 scrolls of immolation
 n - a scroll of revelation
 p - 4 scrolls of fog
 w - 5 scrolls of poison
 B - 4 scrolls of identify
 H - 24 scrolls of teleportation
 M - 6 scrolls of fear
 P - 6 scrolls of blinking
 Q - a scroll of brand weapon
Potions
 c - 6 potions of attraction
 f - 2 potions of enlightenment
 g - 4 potions of resistance
 i - 4 potions of haste
 k - 26 potions of curing
 o - 5 potions of berserk rage
 x - 5 potions of ambrosia
 z - 5 potions of might
 F - 7 potions of heal wounds
 O - 7 potions of invisibility
 R - 4 potions of cancellation
Miscellaneous
 s - a lightning rod (4/4)
 Z - a phial of floods


   Skills:
 - Level 22.0 Fighting
 - Level 22.0 Axes
 - Level 11.0 Throwing
 - Level 22.0 Armour
 - Level 22.0 Dodging
 - Level 22.0 Shields
 - Level 20.0 Invocations
 + Level 13.6 Evocations


You had 25 spell levels left.
You didn't know any spells.
Your spell library contained the following spells:

 Spells                   Type           Power      Damage    Failure   Level
 Apportation              Tloc           0%         N/A       86%         1
 Kiss of Death            Conj/Necr      0%         2d5       86%         1
 Necrotise                Necr           0%         1d4       86%         1
 Sandblast                Erth           0%         2d4       86%         1
 Shock                    Conj/Air       0%         1d3       86%         1
 Cigotuvi's Dreadful Rot  Necr/Pois/Air  0%         N/A       94%         2
 Ensorcelled Hibernation  Hex/Ice        0%         N/A       94%         2
 Passwall                 Tmut/Erth      0%         N/A       94%         2
 Scorch                   Fire           0%         2d5       94%         2
 Sublimation of Blood     Necr           0%         N/A       94%         2
 Confusing Touch          Hex            0%         N/A       99%         3
 Frozen Ramparts          Ice            0%         1d1       99%         3
 Gell's Gravitas          Tloc           0%         N/A       99%         3
 Ignite Poison            Fire/Tmut/Pois 0%         N/A       99%         3
 Ozocubu's Armour         Ice            0%         N/A       99%         3
 Portal Projectile        Hex/Tloc       0%         N/A       99%         3
 Stone Arrow              Conj/Erth      0%         3d7       99%         3
 Swiftness                Air            0%         N/A       99%         3
 Teleport Other           Tloc           0%         N/A       99%         3
 Volatile Blastmotes      Fire/Tloc      0%         2d10      99%         3
 Airstrike                Air            0%         2d(0-16)  100%        4
 Anguish                  Hex/Necr       0%         N/A       100%        4
 Dispel Undead            Necr           0%         3d6       100%        4
 Flame Wave               Conj/Fire      0%         2d4       100%        4
 Fulminant Prism          Conj/Hex       0%         3d5       100%        4
 Iskenderun's Mystic Bla  Conj/Tloc      0%         2d3       100%        4
 Leda's Liquefaction      Hex/Erth       0%         N/A       100%        4
 Passage of Golubria      Tloc           0%         N/A       100%        4
 Petrify                  Tmut/Erth      0%         N/A       100%        4
 Borgnjor's Vile Clutch   Necr/Erth      0%         N/A       100%        5
 Freezing Cloud           Conj/Ice/Air   0%         6-21      100%        5
 Irradiate                Conj/Tmut      0%         3d11      100%        5
 Lee's Rapid Deconstruct  Erth           0%         3d4*      100%        5
 Metabolic Englaciation   Hex/Ice        0%         N/A       100%        5
 Silence                  Hex/Air        0%         N/A       100%        5
 Dispersal                Tloc           0%         N/A       100%        6
 Eringya's Noxious Bog    Tmut/Pois      0%         4d6       100%        6
 Leda's Unmaking          Conj/Erth      0%         9d1       100%        6
 Orb of Destruction       Conj           0%         9d5       100%        7
 Ozocubu's Refrigeration  Ice            0%         4d7       100%        7
 Lehudib's Crystal Spear  Conj/Erth      0%         10d2      100%        8
 Summon Small Mammal      Summ           Unusable   N/A       N/A         1
 Call Canine Familiar     Summ           Unusable   N/A       N/A         3
 Summon Guardian Golem    Hex/Summ       Unusable   N/A       N/A         3
 Animate Dead             Necr           Unusable   N/A       N/A         4
 Summon Forest            Summ/Tloc      Unusable   N/A       N/A         5
 Death Channel            Necr           Unusable   N/A       N/A         6
 Summon Cactus Giant      Summ           Unusable   N/A       N/A         6
 Spellforged Servitor     Conj/Summ      Unusable   N/A       N/A         7
 Summon Hydra             Summ           Unusable   N/A       N/A         7

Dungeon Overview and Level Annotations

Branches:
Dungeon (15/15)            Temple (1/1) D:4            Lair (5/5) D:8
 Shoals (4/4) Lair:3       Spider (4/4) Lair:2        Slime (0/5) Lair:4
    Orc (2/2) D:11            Elf (3/3) Orc:2        Vaults (5/5) D:13
  Crypt (0/3) Vaults:3     Depths (4/4) D:15            Zot (5/5) Depths:4

Altars:
Ashenzari
Cheibriados
Dithmenos
Elyvilon
Fedhas
Gozag
Hepliaklqana
Kikubaaqudgha
Makhleb
Nemelex Xobeh
Okawaru
Qazlal
Ru
Sif Muna
Trog
Uskayaw
Vehumet
Wu Jian
Xom
Yredelemnul
Zin
The Shining One
Jiyva

Shops:
D:9 ?   D:10 !   D:13 *   D:14 !   Orc:1 (   Orc:2 ?:[(?   Elf:1 [   Elf:2 !
Elf:3 *?:   Shoals:1 (   Shoals:2 [!   Vaults:3 [   Vaults:4 :   Vaults:5 [

Portals:
Hell: Depths:1 Depths:2 Depths:3 Depths:4
Abyss: Depths:2 Depths:3
Pandemonium: Depths:2
Ziggurat: Depths:3

Annotations:
D:2 exclusion: downstairs
D:11 exclusion: downstairs
D:13 exclusion: downstairs
Lair:1 exclusion: downstairs
Spider:3 exclusion: downstairs
Orc:1 exclusion: downstairs
Elf:3 1 exclusion
Vaults:1 exclusion: downstairs
Depths:4 1 runed translucent door
Zot:3 2 exclusions
Zot:4 1 exclusion
Zot:5 7 exclusions


Innate Abilities, Weirdness & Mutations

You have a pair of large horns on your head.
You reflexively headbutt those who attack you in melee.
You are clumsy. (Dex -2)
You are dopey. (Int -2)
You are weak. (Str -2)
Your spells are a little easier to cast, but a little less powerful.
Your movements are slightly less encumbered by armour. (ER -2)


Message History

There is an open door here.
There is a stone staircase leading up here.
You climb upwards.
There is a stone staircase leading down here.
There is a stone staircase leading up here.
You climb upwards.
There is a stone staircase leading down here.
There is an escape hatch in the floor here.
There is an escape hatch in the ceiling here.
A mysterious force pulls you upwards. The hatch slams shut behind you.
There is a stone staircase leading up here.
You climb upwards.
There is a stone staircase leading down here.
There is a stone staircase leading up here.
You climb upwards.
Level annotation: exclusion: downstairs
There is a stone staircase leading down here.
A neqoxec comes into view.
The neqoxec shouts!
There is a stone staircase leading up here.
The neqoxec misses you. The neqoxec attacks as you move away!
You block the neqoxec's attack. The neqoxec gestures at you.
You feel dopey. Something feeds on your intellect!
A great orb of eyes comes into view.
The great orb of eyes turns its gaze towards you.
The great orb of eyes gazes at you. You resist with some effort.
There is a stone staircase leading up here.
You climb upwards.
There is a stone staircase leading down, spattered with blood here.
(D) Dungeon (T) Temple (L) Lair (A) Shoals (N) Spider Nest (M) Slime Pits (O) Orcish Mines (E) Elven Halls (V) Vaults (C) Crypt (U) Depths (H) Hell (Z) Zot
Where to? (Enter - D:1, ? - help) You're already here!
There is a staircase leading out of the dungeon here.
You have escaped!

##...............................
#....#.........##.........#..#...
#.####.......).##.........##.....
#.#.....##............##.........
..#.....##............##........)
..#...........................###
..#...........................###
..#..##........>)........##......
..#..##.........@........##......
..#..............................
#.#..............................
#.#.....##............##.........
#.#.....##............##.........
#.##.#.........##.............##.
#...>#.........##..........######
####.#.....................# ##
#.#######...########....# #.


There were no monsters in sight!

Vanquished Creatures
  Tiamat (Zot:5)
  7 orbs of fire
  3 dread liches
  Mara (Spider:4)
  Sojobo (Vaults:5)
  Josephina (Zot:4)
  Frederick (Vaults:4)
  5 Killer Klowns
  2 curse toes
  15 golden dragons
  The ghost of Zoiloeb the Markscentaur, an adept CeHu of Okawaru (Elf:3)
  Arachne (Spider:3)
  A Tzitzimitl (Zot:5)
  A bone dragon (Depths:4)
  4 electric golems
  14 tentacled monstrosities
  2 hellephants (Depths:4)
  Mlioglotl (Shoals:2)
  An Ice Fiend (D:13)
  12 titans (Vaults:5)
  26 Orb Guardians
  5 liches
  Asterion (Spider:1)
  A deep elf blademaster (Elf:2)
  A kraken (Shoals:1)
  6 quicksilver dragons
  Frances (D:14)
  A sphinx (shapeshifter) (Vaults:5)
  5 sphinxes
  Polyphemus (Shoals:3)
  6 death cobs
  22 shadow dragons
  5 tengu reavers
  Kirke (D:15)
  16 storm dragons
  10 draconian monks
  Ilsuiw (Shoals:3)
  Roxanne (Spider:4)
  8 fire giants
  9 emperor scorpions
  7 draconian knights
  4 draconian scorchers
  12 vault wardens
  5 deep elf sorcerers
  8 draconian shifters
  10 frost giants
  A deep elf elementalist (Elf:3)
  7 ghost moths
  The ghost of Urontig the Protected, a journeyman AtMo of Yredelemnul (Lair:4)
  Louise (Shoals:3)
  An orc warlord (Vaults:3)
  8 draconian annihilators
  5 formless jellyfish
  7 draconian stormcallers
  25 ironbound preservers
  A broodmother (shapeshifter) (Vaults:3)
  15 very ugly things
  6 war gargoyles
  3 deep elf demonologists
  16 stone giants
  11 ironbound thunderhulks
  13 green draconians
  3 vampire knights
  A lorocyproca (Zot:2)
  7 white draconians
  13 black draconians
  3 deep elf annihilators
  15 red draconians
  10 purple draconians
  12 yellow draconians
  9 dire elephants (Vaults:2)
  4 spark wasps
  10 fire dragons
  8 ettins
  2 eidola (Vaults:3)
  7 crystal guardians
  6 merfolk javelineers
  Snorg (D:14)
  20 yaktaur captains
  3 entropy weavers
  8 great orbs of eyes
  6 merfolk impalers
  4 deep elf high priests
  34 vault guards
  5 ice dragons
  3 rakshasas
  6 ogre magi
  2 spriggan air magi
  2 jorogumos
  4 radroaches
  5 peacekeepers
  8 hydras
  4 merfolk aquamancers (Shoals:4)
  16 two-headed ogres
  2 catoblepae
  3 merfolk avatars
  27 dancing weapons
  8 ironbound frosthearts
  4 tengu warriors
  5 deep troll shamans
  3 centaur warriors
  6 boulder beetles
  A death scarab (Spider:4)
  8 hell hogs (Depths:4)
  3 death yaks (Shoals:3)
  2 satyrs (Shoals:4)
  A spriggan berserker (Depths:2)
  6 demonic crawlers
  Urug (Lair:1)
  An orc high priest (Orc:2)
  9 deep troll earth magi
  2 vampire magi (Vaults:3)
  A sun demon (D:12)
  7 hell knights
  A titan zombie (Vaults:4)
  5 skysharks
  14 deep elf knights
  4 iron trolls
  9 sea snakes
  9 pharaoh ants
  2 death drakes (Depths:2)
  A deep troll (shapeshifter) (Vaults:4)
  A flayed ghost (Depths:3)
  A shadow dragon zombie (Vaults:4)
  A quicksilver dragon simulacrum (Depths:1)
  76 deep trolls
  2 glowing orange brains
  6 orb spiders
  A storm dragon skeleton (Vaults:4)
  An orange crystal statue (Depths:1)
  13 wizards
  27 harpies
  Pikel (D:5)
  6 steelbarb worms
  5 lindwurms
  10 necromancers
  A phantasmal warrior (Vaults:5)
  6 deep elf archers
  11 ironbound convokers
  17 deep elf zephyrmancers
  5 orc knights
  38 ugly things
  13 manticores
  20 deep elf pyromancers
  An oklob plant (Orc:1)
  22 fauns
  A frost giant zombie (Vaults:3)
  A stone giant zombie (Vaults:5)
  6 orc sorcerers
  A salamander (D:15)
  22 wolf spiders
  7 cyclopes
  An elephant (shapeshifter) (Vaults:5)
  25 moths of wrath
  6 merfolk sirens
  A cyclops (shapeshifter) (Vaults:4)
  A guardian serpent (shapeshifter) (Vaults:3)
  3 stone giant skeletons
  12 elephants
  2 human skeletons
  8 cane toads
  7 water nymphs
  A storm dragon simulacrum (Zot:4)
  5 torpor snails
  An elf skeleton (Vaults:5)
  23 vault sentinels
  An elf zombie (Vaults:3)
  A komodo dragon (shapeshifter) (Vaults:5)
  An unseen horror (Depths:3)
  A yaktaur zombie (Vaults:3)
  3 rime drakes
  An efreet (D:15)
  A kobold demonologist (D:9)
  25 yaktaurs
  9 komodo dragons
  9 wind drakes
  2 polar bears
  4 trolls
  6 tengu conjurers
  A yaktaur skeleton (Vaults:3)
  A golden dragon simulacrum (Zot:4)
  3 meliai
  A red devil (Depths:2)
  Grinder (D:4)
  29 merfolk
  A hellwing (Depths:1)
  23 tarantellas
  11 hornets
  Prince Ribbit (D:9)
  9 blink frogs
  A merfolk (shapeshifter) (D:15)
  14 dream sheep
  13 snapping turtles
  32 jumping spiders
  A jumping spider (shapeshifter) (D:13)
  A human simulacrum (Vaults:3)
  A draconian simulacrum (Zot:4)
  A stone giant simulacrum (Vaults:3)
  26 slime creatures
  19 culicivoras
  3 air elementals
  3 wyverns
  2 shadows
  A vampire (D:13)
  7 water elementals
  3 hogs
  46 yaks
  A wraith (D:12)
  3 fire elementals
  3 chaos spawn (Depths:3)
  A yaktaur simulacrum (Vaults:4)
  A black draconian simulacrum (Zot:4)
  5 basilisks
  8 vampire mosquitoes
  53 redbacks
  3 large abominations (Depths:3)
  3 wargs
  A naga (shapeshifter) (D:15)
  2 acid dragons
  Menkaure (D:5)
  8 small abominations (Depths:3)
  A swamp worm (shapeshifter) (Depths:3)
  10 water moccasins
  2 floating eyes
  A moth of wrath simulacrum (Zot:4)
  3 swamp drakes (Depths:2)
  16 orc warriors
  3 black bears
  An ettin simulacrum (Vaults:4)
  33 ogres
  9 centaurs
  12 wolves
  A phantom (D:4)
  10 bullfrogs
  3 kobold brigands
  5 gnoll sergeants
  An earth elemental (Elf:3)
  3 scorpions
  5 wights (D:10)
  11 killer bees
  2 vampire bats (D:3)
  An electric eel (D:15)
  4 howler monkeys
  6 jellies
  10 orc priests
  4 hounds
  Crazy Yiuf (D:4)
  A sleepcap (D:4)
  5 iguanas
  Natasha (thrice) (D:3)
  7 hell rats (Lair:2)
  21 orc wizards
  Terence (D:3)
  20 gnolls
  7 adders
  3 shadow imps
  A white imp (D:7)
  An adder skeleton (D:2)
  An adder zombie (D:2)
  2 worms
  A dart slug (D:5)
  93 orcs
  9 bats
  A bat zombie (D:2)
  An endoplasm (D:4)
  A giant cockroach (D:4)
  6 goblins
  2 hobgoblins (D:4)
  6 jackals
  15 kobolds
  2 quokkas
  4 ball pythons
  3 frilled lizards
  A quokka skeleton (D:2)
  3 rats
  A spectral weapon (Spider:1)
  3 tentacles (Shoals:1)
1969 creatures vanquished.

Vanquished Creatures (others)
  A quicksilver dragon (Zot:3)
  A draconian knight (Zot:5)
  An ironbound preserver (Vaults:5)
  A red draconian (Zot:2)
  A moth of wrath (Zot:2)
  A rime drake (Depths:2)
  9 tentacles (Shoals:1)
15 creatures vanquished.

Grand Total: 1984 creatures vanquished

Notes
Turn   | Place    | Note
-------+----------+-------------------------------------------
     0 | D:1      | motkurizz the Minotaur Gladiator began the quest for the
                  | Orb.
     0 | D:1      | Reached XP level 1. HP: 18/18 MP: 0/0
   114 | D:1      | Reached XP level 2. HP: 25/25 MP: 1/1
   990 | D:2      | Reached XP level 3. HP: 19/31 MP: 2/2
  1299 | D:2      | Reached skill level 5 in Axes
  1577 | D:3      | Noticed a black bear
  1631 | D:3      | Noticed Natasha
  1639 | D:3      | Killed Natasha
  1640 | D:3      | Reached skill level 1 in Armour
  1640 | D:3      | Reached XP level 4. HP: 32/39 MP: 3/3
  1810 | D:3      | Identified the +9 hand axe "Opoifiux" {flame, rF+ Int-5
                  | Stlth+}
  1862 | D:3      | Noticed Terence
  1978 | D:4      | Reached XP level 5. HP: 46/46 MP: 4/4
  2190 | D:4      | Noticed an ogre
  2200 | D:4      | Killed an ogre
  2201 | D:4      | Reached skill level 1 in Shields
  2474 | D:4      | Found a snail-covered altar of Cheibriados.
  2587 | D:4      | Found a staircase to the Ecumenical Temple.
  2597 | Temple   | Entered the Ecumenical Temple
  2678 | Temple   | Became a worshipper of Warmaster Okawaru
  2845 | D:4      | Found a runed translucent door.
  2846 | D:4      | Noticed Crazy Yiuf
  2907 | D:4      | Noticed a phantom
  2918 | D:4      | Killed a phantom
  2919 | D:4      | Reached XP level 6. HP: 42/53 MP: 5/5
  3032 | D:4      | Noticed Grinder
  3041 | D:4      | Paralysed by Grinder for 4 turns
  3047 | D:4      | Killed Grinder
  3048 | D:4      | Reached skill level 5 in Fighting
  3048 | D:4      | Reached XP level 7. HP: 38/61 MP: 6/6
  3224 | D:5      | Entered Level 5 of the Dungeon
  3250 | D:5      | Reached * piety under Okawaru
  3469 | D:5      | Noticed Menkaure
  3473 | D:5      | Killed Menkaure
  3989 | D:5      | Reached XP level 8. HP: 70/70 MP: 7/7
  4004 | D:5      | Reached ** piety under Okawaru
  4024 | D:5      | Reached skill level 1 in Evocations
  4051 | D:5      | Noticed Pikel
  4198 | D:3      | Killed Terence
  4562 | D:3      | Found a faded altar of an unknown god.
  4722 | D:3      | Noticed Natasha
  4738 | D:3      | Killed Natasha
  4917 | D:4      | Killed Crazy Yiuf
  5075 | D:5      | Killed Pikel
  5076 | D:5      | Reached skill level 10 in Axes
  5076 | D:5      | Reached XP level 9. HP: 60/79 MP: 7/9
  5533 | D:6      | Reached *** piety under Okawaru
  5747 | D:6      | Found a radiant altar of Vehumet.
  5747 | D:6      | Found a sacrificial altar of Ru.
  5800 | D:6      | Found a glowing silver altar of Zin.
  5803 | D:6      | Found a shimmering altar of Xom.
  5803 | D:6      | Found a bloodstained altar of Trog.
  5805 | D:6      | Found a shimmering altar of Xom.
  5805 | D:6      | Found a shimmering altar of Xom.
  5805 | D:6      | Found an opulent altar of Gozag.
  6656 | D:7      | Found a shadowy altar of Dithmenos.
  7143 | D:8      | Reached skill level 5 in Armour
  7154 | D:8      | Reached **** piety under Okawaru
  7206 | D:8      | Found a hazy altar of Hepliaklqana.
  7381 | D:8      | Found a staircase to the Lair.
  7558 | D:8      | Received a gift from Okawaru
  7920 | D:8      | Reached skill level 5 in Shields
  8134 | D:9      | Found Wumaisecw's Magic Scroll Shop.
  8137 | D:9      | Bought a scroll of identify for 24 gold pieces
  8137 | D:9      | Bought a scroll of fear for 48 gold pieces
  8137 | D:9      | Bought a scroll of blinking for 90 gold pieces
  8137 | D:9      | Bought a scroll of identify for 24 gold pieces
  8137 | D:9      | Bought a scroll of fog for 48 gold pieces
  8183 | D:9      | Noticed Prince Ribbit
  8197 | D:9      | Killed Prince Ribbit
  8297 | D:9      | Reached XP level 10. HP: 91/91 MP: 11/11
  8580 | D:9      | Reached ***** piety under Okawaru
  8777 | D:10     | Entered Level 10 of the Dungeon
  8792 | D:10     | Found Duwogewk's Distillery.
  8796 | D:10     | Bought a potion of degeneration for 12 gold pieces
  8796 | D:10     | Bought a potion of lignification for 36 gold pieces
  8922 | D:10     | Reached skill level 10 in Fighting
  9065 | D:10     | Noticed a cyclops
  9072 | D:10     | Killed a cyclops
  9089 | D:10     | Identified the +2 chain mail of the Equator {rElec}
  9462 | D:10     | Found a blossoming altar of Fedhas.
  9716 | Lair:1   | Entered Level 1 of the Lair of Beasts
  9736 | Lair:1   | Reached XP level 11. HP: 70/101 MP: 12/12
 10126 | Lair:1   | Received a gift from Okawaru
 10259 | Lair:1   | Reached skill level 5 in Dodging
 10361 | Lair:1   | Found a shimmering altar of Xom.
 10682 | Lair:1   | Noticed Urug
 10699 | Lair:1   | Killed Urug
 10796 | Lair:2   | Noticed an eight-headed hydra
 10898 | Lair:2   | Found a hole to the Spider Nest.
 10956 | Lair:2   | Lost intelligence.
 11091 | Lair:2   | Reached ****** piety under Okawaru
 11235 | Lair:3   | Reached skill level 5 in Invocations
 11541 | Lair:3   | Noticed a five-headed hydra
 12002 | Lair:2   | Received a gift from Okawaru
 12003 | Lair:2   | Reached XP level 12. HP: 101/112 MP: 15/15
 12297 | Lair:3   | Noticed a catoblepas
 12317 | Lair:3   | Killed a catoblepas
 12317 | Lair:3   | Identified the +0 hand axe of Indomitability {pain, *Noise
                  | rC+++ Int-4 Dex+8} (Okawaru gifted it to you on level 3 of
                  | the Lair of Beasts)
 12317 | Lair:3   | Received a gift from Okawaru
 12318 | Lair:3   | Reached skill level 10 in Armour
 12816 | Lair:3   | Found a staircase to the Shoals.
 13023 | Lair:4   | Found a viscous altar of Jiyva.
 13023 | Lair:4   | Found a staircase to the Slime Pits.
 13202 | Lair:4   | Identified the +1 ring mail of Bedazzled Leaves {rC+ rN++
                  | Dex+2 Stlth-} (Okawaru gifted it to you on level 4 of the
                  | Lair of Beasts)
 13202 | Lair:4   | Received a gift from Okawaru
 13528 | Lair:4   | Noticed Urontig's ghost (journeyman AtMo)
 13529 | Lair:4   | Found a runed translucent gate.
 13529 | Lair:4   | Found a runed translucent gate.
 13529 | Lair:4   | Found a runed translucent gate.
 13529 | Lair:4   | Noticed an 11-headed hydra
 13741 | Lair:4   | Reached skill level 15 in Axes
 14439 | Lair:5   | Entered Level 5 of the Lair of Beasts
 14590 | Lair:5   | Reached XP level 13. HP: 117/123 MP: 13/17
 14718 | Lair:5   | Received a gift from Okawaru
 16808 | D:11     | Found a staircase to the Orcish Mines.
 16813 | D:11     | Identified the +1 pair of boots of Ojeempod {+Blink}
                  | (Okawaru gifted it to you on level 11 of the Dungeon)
 16813 | D:11     | Received a gift from Okawaru
 17458 | Orc:1    | Entered Level 1 of the Orcish Mines
 17503 | Orc:1    | Found Sualox's Antique Weapon Shoppe.
 17732 | Orc:1    | Paralysed by an orc sorcerer for 2 turns
 18114 | Orc:2    | Entered Level 2 of the Orcish Mines
 18671 | Lair:4   | Killed Urontig's ghost
 18680 | Lair:4   | Identified the +1 pair of boots of the Turtle {Contam rN++
                  | Regen+ Slay+4}
 18699 | Lair:4   | Identified the +9 scimitar of Light {pain, Str+5 Int-3}
 19078 | D:3      | Noticed Natasha
 19085 | D:3      | Killed Natasha
 19446 | D:11     | Identified the +12 dagger "Cuqeonum" {protect, rElec rCorr
                  | Str+4}
 19822 | D:12     | Identified the +4 dagger of Histrionic Conscience {holy,
                  | rF+ Str-3 Dex+3}
 19908 | D:12     | Received a gift from Okawaru
 19925 | D:12     | Received a gift from Okawaru
 19926 | D:12     | Reached XP level 14. HP: 133/133 MP: 18/18
 20652 | D:13     | Found a gate to the Vaults.
 20680 | D:13     | Found Zin's Purification Station.
 20682 | D:13     | Found a glowing silver altar of Zin.
 21093 | D:14     | Received a gift from Okawaru
 21094 | D:14     | Reached skill level 15 in Fighting
 21138 | D:14     | Received a gift from Okawaru
 21206 | D:14     | You fall into a shaft and drop 1 floor!
 21206 | D:15     | Entered Level 15 of the Dungeon
 21311 | D:14     | Found Cixetul's Distillery.
 21318 | D:14     | Bought a potion of cancellation for 136 gold pieces
 21643 | D:14     | Noticed Snorg
 21652 | D:14     | Killed Snorg
 21681 | D:14     | Noticed Frances
 21706 | D:14     | Killed Frances
 21772 | D:14     | Identified the +0 leather armour "Deikkik" {rElec Int+2
                  | SInv}
 21875 | D:14     | Found a shadowy altar of Dithmenos.
 22035 | Orc:2    | Found Ypo Reas's Magic Scroll Shoppe.
 22053 | Orc:2    | Bought a scroll of identify for 26 gold pieces
 22053 | Orc:2    | Bought a scroll of identify for 26 gold pieces
 22053 | Orc:2    | Bought a scroll of enchant weapon for 97 gold pieces
 22089 | Orc:2    | Received a gift from Okawaru
 22630 | Orc:2    | Found Houf's Weapon Emporium.
 22630 | Orc:2    | Found Yskodoep's Antique Armour Boutique.
 22631 | Orc:2    | Found Janot's Book Boutique.
 22631 | Orc:2    | Found Dusev's Magic Scroll Shoppe.
 22639 | Orc:2    | Bought a shiny kite shield for 172 gold pieces
 22783 | Orc:2    | Bought a scroll of acquirement for 676 gold pieces
 22783 | Orc:2    | Bought a scroll of identify for 26 gold pieces
 22783 | Orc:2    | Bought a scroll of identify for 26 gold pieces
 22783 | Orc:2    | Bought a scroll of identify for 26 gold pieces
 22783 | Orc:2    | Bought a scroll of identify for 26 gold pieces
 22790 | Orc:2    | Bought a pair of runed gloves for 172 gold pieces
 22813 | Orc:2    | Bought a pair of embroidered boots for 172 gold pieces
 22813 | Orc:2    | Bought a pair of embroidered boots for 172 gold pieces
 22821 | Orc:2    | Acquired a manual of Armour
 22881 | Orc:2    | Reached XP level 15. HP: 143/143 MP: 20/20
 22935 | Orc:2    | Found a staircase to the Elven Halls.
 23577 | D:15     | Received a gift from Okawaru
 23706 | D:15     | Noticed Kirke
 23844 | D:15     | Killed Kirke
 23921 | D:15     | Found a staircase to the Depths.
 24016 | D:15     | Received a gift from Okawaru
 24261 | Orc:2    | Bought a jewelled scale mail for 207 gold pieces
 24261 | Orc:2    | Identified the +4 scale mail of Trial and Error {Dex+6}
                  | (You bought it in a shop on level 2 of the Orcish Mines)
 24332 | Elf:1    | Entered Level 1 of the Elven Halls
 24647 | Depths:1 | Entered Level 1 of the Depths
 24902 | Shoals:1 | Entered Level 1 of the Shoals
 25048 | Shoals:1 | Reached skill level 15 in Armour
 25110 | Shoals:1 | Noticed a kraken
 25121 | Shoals:1 | Killed a kraken
 25178 | Shoals:1 | Found Dozuz's Weapon Shoppe.
 25623 | Shoals:1 | Reached skill level 10 in Dodging
 25845 | Shoals:2 | Paralysed by a merfolk siren for 5 turns
 25952 | Shoals:2 | Noticed Mlioglotl
 25966 | Shoals:2 | Received a gift from Okawaru
 25974 | Shoals:2 | Killed Mlioglotl
 26070 | Shoals:2 | Reached skill level 10 in Shields
 26113 | Shoals:2 | Reached skill level 10 in Invocations
 26265 | Shoals:2 | Found Sigurd's Dragon-Slaying Spoils.
 26335 | Shoals:2 | Found Wodun's Distillery.
 26792 | Shoals:3 | Noticed Ilsuiw
 26807 | Shoals:3 | Killed Ilsuiw
 26807 | Shoals:3 | Received a gift from Okawaru
 26808 | Shoals:3 | Reached XP level 16. HP: 152/152 MP: 15/22
 26999 | Shoals:3 | Noticed Polyphemus
 27184 | Spider:1 | Entered Level 1 of the Spider Nest
 27465 | Spider:1 | Noticed Asterion
 27544 | Spider:1 | Killed Asterion
 28097 | Spider:2 | Identified the +3 chain mail of Hotoq {Fly Str+4 Int+2}
 28146 | Spider:2 | Identified the +1 leather armour of the Solstice {Str+3}
 28589 | Spider:2 | Received a gift from Okawaru
 28688 | Spider:2 | Received a gift from Okawaru
 29295 | Spider:3 | Identified the +0 scale mail "Lesosuj" {Rampage} (Okawaru
                  | gifted it to you on level 3 of the Spider Nest)
 29295 | Spider:3 | Received a gift from Okawaru
 29751 | Spider:3 | Noticed Arachne
 29782 | Spider:3 | Killed Arachne
 29821 | Spider:3 | Reached XP level 17. HP: 163/163 MP: 23/23
 30382 | Spider:4 | Entered Level 4 of the Spider Nest
 30522 | Spider:4 | Noticed Roxanne
 30821 | Spider:4 | Killed Roxanne
 30927 | Spider:4 | Noticed Mara
 30928 | Spider:4 | Noticed motkurizz's illusion
 30941 | Spider:4 | Killed Mara
 31279 | Spider:4 | Received a gift from Okawaru
 31376 | Spider:4 | Identified the +5 ring mail of the Solstice {+Inv Fly MP+9
                  | Slay-5} (Okawaru gifted it to you on level 4 of the Spider
                  | Nest)
 31376 | Spider:4 | Received a gift from Okawaru
 31602 | Spider:4 | Got a gossamer rune of Zot
 32681 | Vaults:1 | Entered Level 1 of the Vaults
 33308 | Vaults:1 | Paralysed by a sphinx for 2 turns
 33317 | Vaults:1 | Received a gift from Okawaru
 33627 | Vaults:1 | Reached XP level 18. HP: 166/176 MP: 24/24
 33926 | Vaults:1 | Received a gift from Okawaru
 34734 | Vaults:2 | Received a gift from Okawaru
 34899 | Vaults:2 | Identified the +1 hand axe of the Endless March {vamp,
                  | Int+3} (Okawaru gifted it to you on level 2 of the Vaults)
 34899 | Vaults:2 | Received a gift from Okawaru
 35110 | Vaults:2 | Identified the +10 war axe of Purpose {freeze, Contam rElec
                  | rF++ Dex+3} (Okawaru gifted it to you on level 2 of the
                  | Vaults)
 35110 | Vaults:2 | Received a gift from Okawaru
 35753 | Vaults:2 | Received a gift from Okawaru
 36177 | Vaults:3 | Reached skill level 15 in Dodging
 36183 | Vaults:3 | Reached XP level 19. HP: 178/185 MP: 19/26
 36266 | Vaults:3 | Received a gift from Okawaru
 36366 | Vaults:3 | Found a staircase to the Crypt.
 36721 | Vaults:3 | Received a gift from Okawaru
 36757 | Vaults:3 | Paralysed by a great orb of eyes for 5 turns
 36965 | Vaults:3 | Identified the +1 leather armour of Sorut {Contam Will+++
                  | rCorr Int-2}
 36996 | Vaults:3 | Identified the +2 spear "Qaonox" {flame, Will+ Int+2}
 37384 | Vaults:3 | Found Jauteock's Armour Shoppe.
 37520 | Vaults:3 | Paralysed by a sphinx for 4 turns
 37843 | Vaults:4 | Received a gift from Okawaru
 37883 | Vaults:4 | Reached skill level 5 in Evocations
 37893 | Vaults:4 | Identified the +1 war axe of motkurizz's Tenacity
                  | {antimagic, rN+ Int+5} (Okawaru gifted it to you on level 4
                  | of the Vaults)
 37893 | Vaults:4 | Received a gift from Okawaru
 37901 | Vaults:4 | Noticed Frederick
 37923 | Vaults:4 | Killed Frederick
 37978 | Vaults:4 | Identified the amulet "Rastuso" {RegenMP rN+ Int+3}
 38168 | Vaults:4 | Received a gift from Okawaru
 38203 | Vaults:4 | Found Luzoguot's Book Shop.
 38572 | Vaults:4 | Identified the +0 robe of Death Resistance {rElec Regen+
                  | Str+3 Int-5} (Okawaru gifted it to you on level 4 of the
                  | Vaults)
 38572 | Vaults:4 | Received a gift from Okawaru
 38608 | Vaults:4 | Reached XP level 20. HP: 195/195 MP: 28/28
 39502 | Shoals:2 | Bought +1 gold dragon scales for 1131 gold pieces
 40334 | Shoals:3 | Noticed Louise
 40468 | Shoals:3 | Killed Louise
 40567 | Shoals:3 | Killed Polyphemus
 41012 | Shoals:4 | Entered Level 4 of the Shoals
 41022 | Shoals:4 | Reached skill level 15 in Shields
 41278 | Shoals:4 | Identified the +6 whip "Raxtud" {elec, rN+ Str-2 Int+9}
 41376 | Shoals:4 | Identified the -2 pair of boots of the Lizard {Harm}
                  | (Okawaru gifted it to you on level 4 of the Shoals)
 41376 | Shoals:4 | Received a gift from Okawaru
 41766 | Shoals:4 | Got a barnacled rune of Zot
 42706 | Depths:1 | Identified the +1 buckler of Follow the Leader {rC+}
 42828 | Depths:1 | Received a gift from Okawaru
 42879 | Depths:1 | Found a gateway to Hell.
 42905 | Depths:1 | Found a runed translucent door.
 43390 | Depths:1 | Identified the amulet of Miog {Acrobat rPois rF+ Str+6}
 43457 | Depths:1 | Identified the staff "Nastrout" {rPois rN+ Int-5 Dex+3
                  | Poison}
 43643 | Depths:2 | Paralysed by a floating eye for 4 turns
 43657 | Depths:2 | Received a gift from Okawaru
 43740 | Depths:2 | Identified the +0 broad axe of Yeast {heavy, Will+ Str+2}
                  | (Okawaru gifted it to you on level 2 of the Depths)
 43740 | Depths:2 | Received a gift from Okawaru
 43808 | Depths:2 | Reached XP level 21. HP: 207/207 MP: 30/30
 43958 | Depths:2 | Found a one-way gate leading to the halls of Pandemonium.
 44032 | Depths:2 | Found a one-way gate to the infinite horrors of the Abyss.
 44719 | Depths:2 | Noticed a golden dragon
 44742 | Depths:2 | Killed a golden dragon
 44799 | Depths:2 | Identified the +1 rapier "Jaizefoiva" {heavy, rF+ rCorr}
 44846 | Depths:2 | Identified the +10 giant spiked club of Neippolo {heavy,
                  | Int+4}
 44856 | Depths:2 | Identified the +7 mace of Ompuqoa {heavy, rCorr Str-3
                  | Dex+3}
 45238 | Depths:3 | Found a one-way gateway to a ziggurat.
 45273 | Depths:3 | Received a gift from Okawaru
 45447 | Depths:3 | Received a gift from Okawaru
 45583 | Depths:3 | Noticed a golden dragon
 45594 | Depths:3 | Killed a golden dragon
 46134 | Depths:4 | Entered Level 4 of the Depths
 46276 | Depths:4 | Found a runed translucent door.
 46281 | Depths:4 | Found a radiant altar of Vehumet.
 46281 | Depths:4 | Noticed an ancient lich
 46738 | Depths:4 | Found a gate to the Realm of Zot.
 46833 | Depths:4 | Identified the +2 pair of gloves of the First Snow {Str+5
                  | Dex+2} (Okawaru gifted it to you on level 4 of the Depths)
 46833 | Depths:4 | Received a gift from Okawaru
 47156 | Depths:4 | Reached XP level 22. HP: 203/215 MP: 31/31
 47397 | Depths:4 | Found a shimmering blue altar of Sif Muna.
 47437 | Depths:4 | Noticed a golden dragon
 47445 | Depths:4 | Killed a golden dragon
 47872 | Elf:1    | Found Selu's Antique Armour Emporium.
 47944 | Elf:1    | Paralysed by an air elemental for 1 turns
 48798 | Elf:2    | Found a runed translucent gate.
 48799 | Elf:2    | Found a runed translucent gate.
 48799 | Elf:2    | Found a runed translucent gate.
 48962 | Elf:2    | Found Picvera's Distillery.
 48970 | Elf:2    | Bought a potion of haste for 150 gold pieces
 48970 | Elf:2    | Bought a potion of haste for 150 gold pieces
 48970 | Elf:2    | Bought 2 potions of might for 120 gold pieces
 48970 | Elf:2    | Bought a potion of might for 60 gold pieces
 48970 | Elf:2    | Bought a potion of enlightenment for 75 gold pieces
 49330 | Elf:2    | Identified the +9 broad axe "Citudwac" {flame, Int+2}
                  | (Okawaru gifted it to you on level 2 of the Elven Halls)
 49330 | Elf:2    | Received a gift from Okawaru
 49669 | Elf:3    | Entered Level 3 of the Elven Halls
 49671 | Elf:3    | Found Otro's Magic Scroll Shoppe.
 49685 | Elf:3    | Found Niesax's Book Emporium.
 49699 | Elf:3    | Found a runed translucent gate.
 49699 | Elf:3    | Found a runed translucent gate.
 49702 | Elf:3    | Found a runed translucent gate.
 49702 | Elf:3    | Noticed Zoiloeb's ghost (adept CeHu)
 49704 | Elf:3    | Found an ancient bone altar of Kikubaaqudgha.
 49757 | Elf:3    | Reached skill level 15 in Invocations
 49968 | Elf:3    | Found Ocun's General Store.
 50202 | Elf:3    | Received a gift from Okawaru
 50222 | Elf:3    | Killed Zoiloeb's ghost
 50388 | Elf:3    | Bought 2 scrolls of enchant weapon for 240 gold pieces
 50388 | Elf:3    | Bought 3 scrolls of enchant weapon for 360 gold pieces
 50388 | Elf:3    | Bought a scroll of fog for 64 gold pieces
 50388 | Elf:3    | Bought a scroll of teleportation for 48 gold pieces
 50919 | D:9      | Bought a scroll of enchant armour for 90 gold pieces
 50919 | D:9      | Bought a scroll of teleportation for 36 gold pieces
 50919 | D:9      | Bought a scroll of teleportation for 36 gold pieces
 50919 | D:9      | Bought a scroll of teleportation for 36 gold pieces
 51175 | Vaults:5 | Entered Level 5 of the Vaults
 51176 | Vaults:5 | Reached XP level 23. HP: 223/223 MP: 30/33
 51372 | Vaults:5 | Identified the +4 glaive of the Nexus {freeze, SInv Stlth+}
 51560 | Vaults:5 | Noticed a dread lich
 51565 | Vaults:5 | Paralysed by a dread lich for 5 turns
 51578 | Vaults:5 | Gained mutation: You are occasionally teleported next to
                  | monsters. [a cacodemon]
 51581 | Vaults:5 | Killed a dread lich
 51676 | Vaults:5 | Identified the +4 sling of Dumohi {flame, *Slow rElec rPois
                  | rF+++}
 51730 | Vaults:5 | Identified the +2 demon whip "Uguryghe" {vamp, Int+2}
                  | (Okawaru gifted it to you on level 5 of the Vaults)
 51730 | Vaults:5 | Received a gift from Okawaru
 51731 | Vaults:5 | Noticed Sojobo
 51739 | Vaults:5 | Paralysed by an air elemental for 1 turns
 51747 | Vaults:5 | Paralysed by an air elemental for 1 turns
 51752 | Vaults:5 | Killed Sojobo
 51759 | Vaults:5 | Identified the ring of Ratzo {Str+2 Int+6 Slay+3 Stlth-}
 51839 | Vaults:5 | Reached XP level 24. HP: 231/231 MP: 31/34
 51889 | Vaults:5 | Identified the +7 orcbow "Riomommu" {drain, Str+3}
 51979 | Vaults:5 | Identified the +0 crystal plate armour of Siruade {Will+
                  | Regen+ Stlth+} (Okawaru gifted it to you on level 5 of the
                  | Vaults)
 51979 | Vaults:5 | Received a gift from Okawaru
 52045 | Vaults:5 | Identified the +10 arbalest of the Aged Lovers {speed,
                  | rPois Str+3 Int+5 Dex-2}
 52045 | Vaults:5 | Identified the +7 orcbow "Saco" {drain, rC+}
 52052 | Vaults:5 | Identified the +7 orcbow of Spontaneous Combustion {drain,
                  | rElec Int+4}
 52732 | Vaults:5 | Identified the ring "Qong" {Dex+3 SInv}
 52788 | Vaults:5 | Found Veutt's Antique Armour Emporium.
 52993 | Vaults:5 | Identified the staff "Testudinebane" {rC+ Dex+5 Ice}
 53135 | Vaults:5 | Got a silver rune of Zot
 53538 | Zot:1    | Entered Level 1 of the Realm of Zot
 53702 | Zot:1    | Lost mutation: You are occasionally teleported next to
                  | monsters. [potion of mutation]
 53702 | Zot:1    | Gained mutation: You are covered in fur. (AC +1) [potion of
                  | mutation]
 53702 | Zot:1    | Gained mutation: You sometimes lose your temper in combat.
                  | [potion of mutation]
 53702 | Zot:1    | Gained mutation: You have a pair of large horns on your
                  | head. [potion of mutation]
 53844 | Zot:1    | Received a gift from Okawaru
 55115 | Vaults:5 | Bought an encrusted cloak for 332 gold pieces
 55115 | Vaults:5 | Identified the +1 cloak "Ugirpheff" {rPois Int+3} (You
                  | bought it in a shop on level 5 of the Vaults)
 55713 | D:10     | Bought a potion of mutation for 96 gold pieces
 55713 | D:10     | Bought a potion of resistance for 120 gold pieces
 55896 | Shoals:2 | Bought 2 potions of mutation for 256 gold pieces
 55896 | Shoals:2 | Bought a potion of mutation for 128 gold pieces
 55896 | Shoals:2 | Bought a potion of resistance for 160 gold pieces
 56424 | Zot:1    | Lost mutation: You have a pair of large horns on your head.
                  | [potion of mutation]
 56424 | Zot:1    | Lost mutation: You are covered in fur. (AC +1) [potion of
                  | mutation]
 56424 | Zot:1    | Lost mutation: You sometimes lose your temper in combat.
                  | [potion of mutation]
 56424 | Zot:1    | Gained mutation: You are vulnerable to heat. (rF-) [potion
                  | of mutation]
 56482 | Zot:2    | Reached XP level 25. HP: 236/238 MP: 35/35
 56837 | Zot:2    | Reached skill level 5 in Throwing
 56859 | Zot:2    | Received a gift from Okawaru
 57170 | Zot:3    | Noticed a Killer Klown
 57215 | Zot:3    | Killed a Killer Klown
 57589 | Zot:3    | Noticed an orb of fire
 57595 | Zot:3    | Gained mutation: You are clumsy. (Dex -2) [an orb of fire]
 57608 | Zot:3    | Gained mutation: Armour fits poorly on your strangely
                  | shaped body. [an orb of fire]
 57612 | Zot:3    | Killed an orb of fire
 57613 | Zot:3    | Lost mutation: You are vulnerable to heat. (rF-) [potion of
                  | mutation]
 57613 | Zot:3    | Lost mutation: You are clumsy. (Dex -2) [potion of
                  | mutation]
 57613 | Zot:3    | Lost mutation: Armour fits poorly on your strangely shaped
                  | body. [potion of mutation]
 57613 | Zot:3    | Gained mutation: You are frail. (-10% HP) [potion of
                  | mutation]
 57613 | Zot:3    | Gained mutation: Your flesh is heat resistant. (rF+)
                  | [potion of mutation]
 57931 | Zot:4    | Noticed a Killer Klown
 57942 | Zot:4    | Identified the ring "Laagetyv" {Ice Str+7 Int-2 SInv}
 57942 | Zot:4    | Noticed Josephina
 57960 | Zot:4    | Killed Josephina
 57977 | Zot:4    | Killed a Killer Klown
 57977 | Zot:4    | Received a gift from Okawaru
 57988 | Zot:5    | Entered Level 5 of the Realm of Zot
 58021 | Zot:4    | Noticed an orb of fire
 58024 | Zot:4    | Gained mutation: You have a pair of large horns on your
                  | head. [an orb of fire]
 58114 | Zot:5    | Reached skill level 10 in Throwing
 58446 | Zot:5    | Found the +4 dragonskin cloak
 58446 | Zot:5    | Noticed Tiamat
 58466 | Zot:5    | Killed Tiamat
 58535 | Zot:5    | Identified the +12 crystal plate armour "Wotooh" {*Slow
                  | rElec Will+} (Okawaru gifted it to you on level 5 of the
                  | Realm of Zot)
 58535 | Zot:5    | Received a gift from Okawaru
 58601 | Zot:5    | Noticed a dread lich
 58623 | Zot:5    | Killed a dread lich
 58645 | Zot:5    | Noticed an orb of fire
 58646 | Zot:5    | Noticed a dread lich
 58659 | Zot:5    | Killed an orb of fire
 58664 | Zot:5    | Noticed a Killer Klown
 58669 | Zot:5    | Noticed a Killer Klown
 58670 | Zot:5    | Killed a dread lich
 58671 | Zot:5    | Noticed an orb of fire
 58673 | Zot:5    | Noticed an orb of fire
 58691 | Zot:5    | Gained mutation: Your flesh is cold resistant. (rC+) [an
                  | orb of fire]
 58697 | Zot:5    | Killed an orb of fire
 58697 | Zot:5    | Killed a Killer Klown
 58698 | Zot:5    | Reached XP level 26. HP: 221/221 MP: 35/36
 58707 | Zot:5    | Killed an orb of fire
 58714 | Zot:5    | Reached skill level 10 in Evocations
 58803 | Zot:5    | Noticed an orb of fire
 58807 | Zot:5    | Gained mutation: You sometimes lose your temper in combat.
                  | [an orb of fire]
 58811 | Zot:5    | Lost mutation: Your flesh is heat resistant. (rF+) [potion
                  | of mutation]
 58811 | Zot:5    | Lost mutation: You are frail. (-10% HP) [potion of
                  | mutation]
 58811 | Zot:5    | Gained mutation: You are frail. (-10% HP) [potion of
                  | mutation]
 58811 | Zot:5    | Gained mutation: You are agile. (Dex +4, Str/Int -1)
                  | [potion of mutation]
 58811 | Zot:5    | Gained mutation: Your flesh is very cold resistant. (rC++)
                  | [potion of mutation]
 58812 | Zot:5    | Lost mutation: You are frail. (-10% HP) [potion of
                  | mutation]
 58812 | Zot:5    | Lost mutation: You are agile. (Dex +4, Str/Int -1) [potion
                  | of mutation]
 58812 | Zot:5    | Gained mutation: You are robust. (+10% HP) [potion of
                  | mutation]
 58812 | Zot:5    | Gained mutation: Your movements are slightly less
                  | encumbered by armour. (ER -2) [potion of mutation]
 58813 | Zot:5    | Gained mutation: You are dopey. (Int -2) [an orb of fire]
 58818 | Zot:5    | Noticed an orb of fire
 58822 | Zot:5    | Noticed an orb of fire
 58826 | Zot:5    | Killed an orb of fire
 58834 | Zot:5    | Gained mutation: You are weak. (Str -2) [an orb of fire]
 58836 | Zot:5    | Killed an orb of fire
 58836 | Zot:5    | Received a gift from Okawaru
 58841 | Zot:5    | Killed an orb of fire
 58885 | Zot:5    | Received a gift from Okawaru
 58900 | Zot:5    | Lost mutation: Your flesh is very cold resistant. (rC++)
                  | [potion of mutation]
 58900 | Zot:5    | Lost mutation: Your flesh is cold resistant. (rC+) [potion
                  | of mutation]
 58900 | Zot:5    | Lost mutation: You are robust. (+10% HP) [potion of
                  | mutation]
 58900 | Zot:5    | Gained mutation: Your spells are a little easier to cast,
                  | but a little less powerful. [potion of mutation]
 58900 | Zot:5    | Gained mutation: You are clumsy. (Dex -2) [potion of
                  | mutation]
 58900 | Zot:5    | Lost mutation: You sometimes lose your temper in combat.
                  | [potion of mutation]
 59167 | Zot:5    | Got the Orb of Zot
 59174 | Zot:5    | Noticed Ytiusche the pandemonium lord
 59740 | D:$      | Escaped with the Orb!

Illustrated notes

Levels and vault maps discovered:
D:1:      dpeg_arrival_stonehenge_8_columns, layout_basic, roderic_roman_lattice
D:2:      layout_basic, serial_undead, serial_undead_d, serial_undead_f,
          serial_undead_c, serial_undead_e
D:3:      layout_basic, hellmonk_ecumenical_altar_crossroads, roderic_batcave,
          serial_bayou_lagoon_b, uniq_terence, uniq_natasha
D:4:      layout_loops_ring, kennysheep_mini_moat, minmay_temple_entry_trees,
          serial_rivers, chequers_serial_rivers_micro_d,
          chequers_serial_rivers_room_b, chequers_serial_rivers_micro_a,
          chequers_serial_rivers_room_a, chequers_serial_rivers_micro_b,
          grunt_ministairs_14, uniq_grinder, uniq_crazy_yiuf_cottage
D:5:      layout_loops_ring, kennysheep_diamond, minmay_joined_circles,
          uniq_pikel, uniq_menkaure
D:6:      layout_cave_pools, doesnt_xom_only_xom,
          mainiacjoe_overflow_large_starburst
D:7:      layout_loops_corners, kennysheep_little_box
D:8:      layout_loops_corners, mainiacjoe_overflow_boulevard, lair_entry_dummy,
          minivault_19
D:9:      layout_roguey, serial_shops, nicolae_shop_tiny_real_fake_doors,
          uniq_prince_ribbit1
D:10:     layout_long_grid, mainiacjoe_overflow_surrounded_room, serial_shops,
          nicolae_shop_behind_doors
D:11:     layout_roguey, hiddenorc2_lemuel, serial_rivers,
          chequers_serial_rivers_large_a, chequers_serial_rivers_room_a,
          chequers_serial_rivers_micro_c, chequers_serial_rivers_small_b
D:12:     layout_loops_ring
D:13:     layout_irregular_city, erik_vaults_1, zin_purify
D:14:     layout_irregular_city, grunt_dithmenos_shadows, serial_shops, shop,
          uniq_frances, uniq_snorg
D:15:     hangedman_depths_entry_try_elsewhere_first, layout_cave_pools,
          serial_bayou_lagoon_a, grunt_ministairs_6, uniq_kirke
Temple:   nicolae_temple_bog_church
Lair:1:   layout_gridlike, basic_altar, uniq_urug
Lair:2:   layout_cellular_growth, dummy_spider_entry, grunt_megastairs_5,
          infiniplex_staircase_pool
Lair:3:   layout_layer_cave, nicolae_shoals_entry_roost
Lair:4:   layout_cave_pods, nicolae_slime_entry_field_trip,
          gammafunk_ghost_hydra_chop, minmay_stone_trees_medium,
          grunt_megastairs_1
Lair:5:   cheibrodos_lair_end_hotspot, layout_layer_cave, ebering_ghost_xom,
          serial_rivers, chequers_serial_rivers_large_b,
          chequers_serial_rivers_small_a, chequers_serial_rivers_micro_b,
          chequers_serial_rivers_marsh
Shoals:1: layout_shoals, serial_shops, nicolae_shop_hallway_plus
Shoals:2: layout_shoals, serial_shops, shop, nicolae_shop_dragon_depot,
          uniq_mlioglotl
Shoals:3: layout_shoals, uniq_louise, uniq_polyphemus, uniq_ilsuiw
Shoals:4: shoals_end_hangedman, layout_shoals
Spider:1: layout_chambers, uniq_asterion
Spider:2: spiders_nest_scorpion_pit
Spider:3: layout_spider_delve, hangedman_spider_tarantella_strand,
          nicolae_spider_cling_halls, uniq_arachne
Spider:4: grunt_spider_rune_parallel, uniq_mara, uniq_roxanne
Orc:1:    layout_caves, serial_shops, shop_fountains, mines3_lemuel
Orc:2:    st_orc_ogre_mass, layout_caves, serial_shops, shop
Elf:1:    layout_onion_city, infiniplex_enter_wizlab_glasses,
          portal_desolation_entry_nicolae_menacing_earthworks, serial_shops,
          shop, kennysheep_underground_church
Elf:2:    nicolae_elf_blades_crystal_corner, layout_onion_city, serial_shops,
          shop
Elf:3:    minmay_elf_hall_x, layout_geoelf_octagon, basic_altar,
          gammafunk_ghost_split, serial_shops, shop, minmay_shoptagon
Vaults:1: ontoclasm_vaults_claustrophobia, v_misc_28,
          nicolae_vaults_closet_pinwheel_3, nicolae_vaults_trapezoid_4,
          nicolae_vaults_little_squares_2, v_rooms_4,
          nicolae_vaults_diagonal_hallway_7, nicolae_vaults_house_1,
          nicolae_vaults_closet_pinwheel_4, vaults_room_grid, vaults_room_pools,
          vaults_dpeg_emergency_exit, layout_vaults_quadrants
Vaults:2: vaults_dpeg_cross, nicolae_vaults_security_offices_1,
          ontoclasm_vaults_ligature, v_misc_4, nicolae_vaults_puzzle_piece,
          nicolae_vaults_angled_halls, nicolae_vaults_windows_and_doors_thing,
          nicolae_vaults_tetromino_Z_2, v_misc_16, nicolae_vaults_what_the_h,
          nicolae_vaults_more_shelving_2, nicolae_vaults_surprise_closet,
          ontoclasm_vaults_shuriken, layout_vaults_omnicross
Vaults:3: minmay_crypt_entry_simple_plaza, nicolae_vaults_little_squares_5,
          dpeg_vaults_monster_row, nicolae_vaults_tetromino_L_2,
          nicolae_vaults_arrows, nicolae_vaults_network_s,
          nicolae_vaults_offset_grid_hallway_3, vaults_dpeg_encased_lava,
          vaults_dpeg_ring, nicolae_vaults_tangram_2,
          nicolae_vaults_double_plus_1, nicolae_vaults_surprise_closet,
          nicolae_vaults_big_ls, nicolae_vaults_storage_closets_3,
          grunt_vaults_diagonal, layout_vaults_maze_snakey, serial_shops, shop
Vaults:4: v_misc_26, hangedman_vaults_locks, st_spiral_rooms,
          ontoclasm_vaults_bender, nicolae_vaults_little_squares_3, v_misc_17,
          nicolae_vaults_network_barrier, hangedman_vaults_capsules, v_misc_30,
          nicolae_vaults_little_squares_1, v_pattern_4,
          ontoclasm_vaults_gateway, nicolae_vaults_prndl, layout_vaults_omnibox,
          serial_shops, nicolae_shop_tiny_statue_garden, uniq_frederick
Vaults:5: serial_shops, uniq_sojobo
Depths:1: layout_cave_pools, pf_coc_iceberg, minmay_crystal_box
Depths:2: gold_lair_mu, layout_honeycomb, hell_entry,
          chequers_serial_rivers_marsh, nicolae_abyss_entry_one_way_or_another,
          pan_entry
Depths:3: cross_vault, layout_basic, enter_ziggurat_f, grunt_hell_entry_dis_mu,
          infiniplex_staircase_river, minmay_room_of_horrors
Depths:4: grunt_x_marks_the_spot, layout_cave_shapes, lemuel_blue_sif_altar,
          grunt_hell_horde, grunt_absolute_annihilation
Zot:1:    layout_gridlike
Zot:2:    layout_cellular_growth
Zot:3:    nicolae_zot_draconian_monastery, layout_twisted_circle
Zot:4:    layout_onion_interference, lemuel_baited_zot_trap, uniq_josephina
Zot:5:    layout_basic, uniq_tiamat

Skill      XL: |  1  2  3  4  5  6  7  8  9 10 11 12 13 14 15 16 17 18 19 20 21 22 23 24 25 26 |
---------------+-------------------------------------------------------------------------------+-----
Axes           | 4 5 6 7 8 10 11 13 14 15 17 18 19 20 21 22 | 22.0
Fighting       | 3 4 5 7 9 10 12 13 14 15 16 17 19 20 22 | 22.0
Armour         | 1 2 3 4 6 8 9 11 12 14 17 18 19 20 22 | 22.0
Shields        | 2 3 4 5 6 7 10 12 13 14 15 21 22 | 22.0
Evocations     | 2 3 5 9 13 | 13.6
Invocations    | 2 3 5 7 9 10 11 12 14 15 16 18 20 | 20.0
Dodging        | 4 6 7 9 10 12 14 15 16 17 18 21 22 | 22.0
Throwing       | 4 11 | 11.0

Action                     |  1- 3 |  4- 6 |  7- 9 | 10-12 | 13-15 | 16-18 | 19-21 | 22-24 | 25-27 || total
---------------------------+-------+-------+-------+-------+-------+-------+-------+-------+-------++-------
  Melee: War axe           |    55 |    65 |   125 |   356 |     8 |       |       |       |       ||   609
         Headbutt          |     6 |    13 |    59 |   155 |   283 |   353 |   506 |   317 |   209 ||  1901
         Hand axe          |       |       |   151 |    80 |    45 |       |       |       |       ||   276
         Broad axe         |       |       |    59 |   209 |   950 |  1195 |  1537 |  1026 |   610 ||  5586
         Whip              |       |       |     3 |       |       |       |       |       |       ||     3
         Flail             |       |       |       |       |    54 |     6 |       |       |       ||    60
         Unarmed           |       |       |       |       |    10 |       |       |       |       ||    10
   Fire: Sling             |    13 |       |     1 |       |       |       |       |       |       ||    14
  Throw: Stone             |     4 |       |       |       |       |       |       |       |       ||     4
         Throwing net      |     1 |     1 |     2 |       |     2 |       |       |       |       ||     6
         Javelin           |     1 |       |       |       |    28 |       |       |       |    11 ||    40
         Dart              |       |     4 |    11 |     2 |    18 |       |       |       |       ||    35
 Invoke: Heroism           |       |       |       |     2 |     9 |    10 |    12 |     9 |     6 ||    48
         Finesse           |       |       |       |     1 |     4 |     4 |     2 |     6 |     3 ||    20
  Evoke: Wand              |       |     9 |     7 |    17 |    17 |     2 |     2 |     4 |     6 ||    64
         Lightning rod     |       |       |       |       |       |       |       |     3 |       ||     3
         Phial of floods   |       |       |       |       |       |       |       |       |     1 ||     1
    Use: Scroll            |       |       |     6 |     5 |    20 |     8 |    10 |    11 |    11 ||    71
         Potion            |       |       |     2 |       |     1 |     3 |     2 |     7 |    21 ||    36
   Stab: Invisible         |       |     1 |     1 |       |       |       |       |     3 |       ||     5
         Paralysed         |       |       |     1 |     2 |       |       |       |       |       ||     3
         Distracted        |       |       |       |       |     1 |       |       |       |       ||     1
         Held in net/web   |       |       |       |       |     1 |       |       |       |       ||     1
         Confused          |       |       |       |       |       |       |     2 |       |       ||     2
 Armour: Leather armour    |    10 |       |       |       |       |       |       |       |       ||    10
         Ring mail         |     4 |    29 |     8 |       |       |       |       |       |       ||    41
         Chain mail        |       |       |    44 |   209 |   515 |   576 |   157 |       |       ||  1501
         Plate armour      |       |       |   125 |    55 |       |       |       |       |       ||   180
         Robe              |       |       |       |       |     6 |       |       |       |       ||     6
         Gold dragon scale |       |       |       |       |       |       |   465 |   299 |   191 ||   955
         Skin              |       |       |       |       |       |       |       |       |     1 ||     1
  Dodge: Dodged            |    30 |    26 |   108 |   195 |   374 |   592 |   482 |   330 |   312 ||  2449
  Block: Buckler           |       |     8 |    76 |   128 |   144 |       |       |       |       ||   356
         Kite shield       |       |       |       |       |   242 |   748 |   767 |   129 |       ||  1886
         Tower shield      |       |       |       |       |       |       |       |   551 |   627 ||  1178

Table legend: (Time is in decaauts)
 A = Elapsed time spent in this place.
 B = Non-inter-level travel time spent in this place.
 C = Inter-level travel time spent in this place.
 D = Time resting spent in this place.
 E = Time spent auto-exploring this place.
 F = Levels seen in this place.
 G = Mean time per level.
                   A        B        C        D        E       F      G
               +--------+--------+--------+--------+--------+-----+--------+
         Total |  58688 |  48457 |  10231 |   2163 |  31438 |  48 | 1222.7 |
       Dungeon |  17062 |  13057 |   4005 |    344 |   9437 |  15 | 1137.5 |
        Temple |    101 |     82 |     19 |      0 |      0 |   1 |  101.0 |
          Lair |   8175 |   6604 |   1571 |    514 |   4167 |   5 | 1635.0 |
        Shoals |   4610 |   3934 |    676 |    184 |   2341 |   4 | 1152.5 |
   Spider Nest |   5102 |   4689 |    413 |    157 |   3232 |   4 | 1275.5 |
  Orcish Mines |   2319 |   1628 |    691 |     25 |    931 |   2 | 1159.5 |
   Elven Halls |   2688 |   2494 |    194 |      0 |   1927 |   3 |  896.0 |
        Vaults |   9239 |   7773 |   1466 |    616 |   4487 |   5 | 1847.8 |
        Depths |   5356 |   4461 |    895 |    106 |   2969 |   4 | 1339.0 |
           Zot |   4031 |   3733 |    298 |    215 |   1946 |   5 |  806.2 |
               +--------+--------+--------+--------+--------+-----+--------+

Top non-repeatable levels by time:
  Lair:3: 2289 daAuts
Vaults:1: 2017 daAuts
Vaults:2: 1958 daAuts
Vaults:5: 1928 daAuts
  Lair:4: 1906 daAuts
Vaults:3: 1900 daAuts
Depths:2: 1742 daAuts
Spider:2: 1591 daAuts
    D:11: 1534 daAuts
  Lair:2: 1498 daAuts
Depths:4: 1466 daAuts
  Lair:1: 1457 daAuts
Vaults:4: 1434 daAuts
    D:12: 1376 daAuts
     D:5: 1359 daAuts
